General information
- name: BNet
- type: Ladder team game (AT/RT)
- host: Battle.net
- saver: from
map: Dragonblight
- players: 6
- length: 31:10
- speed: Fast
- version: 1.27 W3XP
- replay type:

» download(249 KB)
Players
team 1 (winner)
from (
yellow | 103 APM | 3226 actions | 31:10)
5 Blademaster
2 Wind Walk
3 Critical Strike
» actions
| Assign group hotkey | 18 | |
| Build / train | 92 | |
| Enter build submenu | 18 | |
| Enter hero's abilities submenu | 5 | |
| Give item / drop item | 4 | |
| Right click | 2413 | |
| Select / deselect | 343 | |
| Select group hotkey | 133 | |
| Use ability | 200 | |
3226 total
» units
» upgrades
| Ranged Weapons | 3 | |
| Armor | 3 | |
| Liquid Fire | 1 | |
| Backpack | 1 | |
| Troll Regeneration | 1 | |
| Reinforced Defenses | 1 | |
10 total
» buildings
| Altar of Storms | 1 | |
| Orc Burrow | 8 | |
| War Mill | 1 | |
| Voodoo Lounge | 2 | |
| Stronghold | 4 | |
| Beastiary | 2 | |
| Fortress | 2 | |
| Barracks | 1 | |
| Watch Tower | 6 | |
27 total
» build order
00:06 Altar of Storms
00:18 Orc Burrow
00:33 War Mill
01:23 Voodoo Lounge
02:49 Voodoo Lounge
03:05 Stronghold
03:05 Stronghold
03:05 Stronghold
03:07 Orc Burrow
03:08 Orc Burrow
04:47 Orc Burrow
05:34 Beastiary
05:35 Beastiary
07:10 Fortress
07:10 Fortress
13:39 Barracks
16:38 Watch Tower
16:39 Watch Tower
16:40 Watch Tower
16:42 Orc Burrow
16:43 Orc Burrow
16:44 Orc Burrow
16:46 Orc Burrow
16:49 Watch Tower
16:51 Watch Tower
16:52 Watch Tower
» items
| Boots of Speed | 2 | |
| Staff of Teleportation | 2 | |
| Healing Salve | 4 | |
| Lesser Clarity Potion | 7 | |
| Orb of Lightning | 2 | |
| Scroll of Town Portal | 1 | |
| Mechanical Critter | 1 | |
19 total
lovetoosearch (
teal | 136 APM | 4250 actions | 31:10)
4 Archmage
2 Blizzard
2 Brilliance Aura
4 Mountain King
3 Storm Bolt
1 Bash
3 Paladin
2 Holy Light
1 Divine Shield
» actions
| Assign group hotkey | 19 | |
| Basic commands | 61 | |
| Build / train | 129 | |
| ESC pressed | 7 | |
| Enter build submenu | 110 | |
| Enter hero's abilities submenu | 11 | |
| Give item / drop item | 6 | |
| Right click | 1788 | |
| Select / deselect | 396 | |
| Select group hotkey | 1370 | |
| Use ability | 353 | |
4250 total
» units
» upgrades
» buildings
| Lumber Mill | 2 | |
| Scout Tower | 156 | |
| Farm | 8 | |
| Altar of Kings | 1 | |
| Arcane Tower | 13 | |
| Guard Tower | 60 | |
| Keep | 1 | |
| Castle | 1 | |
| Arcane Sanctum | 1 | |
| Arcane Vault | 3 | |
246 total
» build order
00:25 Lumber Mill
00:32 Scout Tower
00:37 Farm
01:03 Altar of Kings
01:04 Scout Tower
01:08 Arcane Tower
01:09 Arcane Tower
01:09 Arcane Tower
01:11 Scout Tower
01:31 Arcane Tower
01:35 Scout Tower
01:46 Arcane Tower
01:46 Arcane Tower
01:47 Arcane Tower
02:05 Arcane Tower
02:08 Scout Tower
02:09 Scout Tower
02:18 Farm
02:23 Scout Tower
02:36 Guard Tower
02:39 Guard Tower
02:40 Guard Tower
02:40 Guard Tower
02:44 Scout Tower
02:47 Scout Tower
03:10 Guard Tower
03:12 Scout Tower
03:14 Scout Tower
03:21 Guard Tower
03:23 Scout Tower
04:03 Guard Tower
04:04 Scout Tower
04:05 Scout Tower
04:06 Scout Tower
04:08 Guard Tower
04:28 Scout Tower
04:29 Scout Tower
04:30 Scout Tower
04:30 Scout Tower
04:52 Guard Tower
04:53 Scout Tower
04:54 Scout Tower
05:00 Guard Tower
05:02 Scout Tower
05:02 Scout Tower
05:06 Keep
05:09 Farm
05:10 Farm
05:34 Guard Tower
05:36 Scout Tower
05:37 Scout Tower
05:37 Scout Tower
05:38 Scout Tower
05:39 Scout Tower
05:39 Scout Tower
05:42 Scout Tower
05:42 Scout Tower
05:43 Scout Tower
05:43 Scout Tower
05:53 Guard Tower
05:54 Scout Tower
05:56 Scout Tower
05:58 Scout Tower
05:59 Scout Tower
06:00 Guard Tower
06:16 Guard Tower
06:41 Guard Tower
06:44 Arcane Tower
06:44 Guard Tower
06:47 Scout Tower
06:48 Scout Tower
06:48 Scout Tower
06:49 Scout Tower
06:50 Scout Tower
06:50 Scout Tower
06:52 Guard Tower
06:53 Scout Tower
06:54 Scout Tower
06:55 Scout Tower
06:55 Scout Tower
06:58 Scout Tower
07:06 Scout Tower
07:07 Scout Tower
07:16 Guard Tower
07:19 Scout Tower
07:20 Scout Tower
07:21 Scout Tower
07:22 Scout Tower
07:45 Castle
07:48 Guard Tower
07:54 Guard Tower
07:54 Guard Tower
08:02 Scout Tower
08:03 Scout Tower
08:06 Guard Tower
08:13 Guard Tower
08:29 Guard Tower
08:37 Scout Tower
08:37 Scout Tower
08:39 Scout Tower
08:39 Scout Tower
08:41 Guard Tower
08:53 Arcane Sanctum
09:08 Guard Tower
09:15 Guard Tower
09:22 Guard Tower
09:42 Guard Tower
10:04 Scout Tower
10:05 Scout Tower
10:08 Guard Tower
10:09 Scout Tower
10:10 Scout Tower
10:12 Scout Tower
10:12 Scout Tower
10:13 Scout Tower
10:13 Scout Tower
11:23 Guard Tower
11:27 Arcane Vault
11:27 Arcane Vault
11:28 Arcane Vault
11:36 Scout Tower
11:37 Scout Tower
11:37 Scout Tower
11:38 Scout Tower
11:38 Scout Tower
11:39 Scout Tower
11:39 Scout Tower
12:01 Guard Tower
12:01 Scout Tower
12:06 Scout Tower
12:07 Scout Tower
12:07 Scout Tower
12:08 Scout Tower
12:08 Scout Tower
12:08 Scout Tower
12:20 Guard Tower
12:20 Guard Tower
12:21 Guard Tower
12:54 Scout Tower
12:54 Scout Tower
12:55 Scout Tower
12:56 Scout Tower
13:05 Guard Tower
13:06 Scout Tower
13:07 Scout Tower
13:07 Scout Tower
13:08 Scout Tower
13:59 Guard Tower
14:03 Guard Tower
14:29 Guard Tower
14:33 Scout Tower
14:33 Scout Tower
14:34 Scout Tower
14:34 Scout Tower
14:40 Scout Tower
14:41 Scout Tower
14:41 Scout Tower
14:42 Scout Tower
15:13 Guard Tower
15:34 Guard Tower
16:03 Guard Tower
16:10 Guard Tower
16:13 Scout Tower
16:14 Scout Tower
16:14 Scout Tower
16:15 Scout Tower
16:15 Scout Tower
16:44 Scout Tower
16:45 Scout Tower
16:46 Scout Tower
16:47 Scout Tower
16:48 Guard Tower
16:51 Lumber Mill
16:53 Guard Tower
16:56 Guard Tower
16:59 Scout Tower
17:00 Scout Tower
17:00 Scout Tower
17:01 Scout Tower
17:02 Scout Tower
17:02 Scout Tower
17:07 Scout Tower
17:08 Scout Tower
17:09 Scout Tower
17:09 Scout Tower
17:10 Scout Tower
17:11 Scout Tower
17:16 Scout Tower
17:17 Scout Tower
17:17 Scout Tower
19:13 Scout Tower
19:14 Scout Tower
19:17 Guard Tower
19:33 Guard Tower
19:43 Scout Tower
19:44 Scout Tower
19:45 Scout Tower
19:46 Scout Tower
19:52 Guard Tower
19:53 Guard Tower
20:06 Scout Tower
20:07 Scout Tower
20:39 Guard Tower
20:39 Guard Tower
21:28 Guard Tower
21:29 Farm
21:30 Farm
21:31 Farm
21:31 Farm
21:36 Arcane Tower
21:43 Arcane Tower
21:44 Guard Tower
21:49 Scout Tower
21:49 Scout Tower
21:50 Scout Tower
21:50 Scout Tower
21:51 Scout Tower
21:52 Scout Tower
22:05 Guard Tower
22:06 Scout Tower
22:08 Scout Tower
22:25 Scout Tower
22:26 Scout Tower
22:55 Guard Tower
23:09 Guard Tower
23:26 Arcane Tower
23:28 Scout Tower
23:30 Scout Tower
24:53 Guard Tower
24:58 Arcane Tower
26:12 Scout Tower
26:13 Scout Tower
26:13 Scout Tower
26:14 Scout Tower
28:30 Guard Tower
28:33 Scout Tower
28:33 Scout Tower
28:35 Scout Tower
28:35 Scout Tower
30:09 Scout Tower
30:10 Scout Tower
30:11 Scout Tower
30:11 Scout Tower
30:13 Scout Tower
30:15 Scout Tower
» items
| Healing Salve | 1 | |
| Staff of Teleportation | 2 | |
| Boots of Speed | 2 | |
| Staff of Sanctuary | 3 | |
| Orb of Lightning | 3 | |
| Potion of Healing | 1 | |
| Circlet of Nobility | 2 | |
| Periapt of Vitality | 1 | |
| Mechanical Critter | 2 | |
17 total
TheEyeOfSearch (
red | 90 APM | 2814 actions | 31:10)
4 Warden
2 Shadow Strike
2 Blink
» actions
| Assign group hotkey | 73 | |
| Basic commands | 47 | |
| Build / train | 71 | |
| ESC pressed | 3 | |
| Enter build submenu | 32 | |
| Enter hero's abilities submenu | 4 | |
| Give item / drop item | 2 | |
| Remove unit from queue | 1 | |
| Right click | 1803 | |
| Select / deselect | 434 | |
| Select group hotkey | 153 | |
| Use ability | 190 | |
2814 total
» units
» upgrades
| Well Spring | 1 | |
| Nature's Blessing | 1 | |
2 total
» buildings
| Altar of Elders | 1 | |
| Moon Well | 16 | |
| Tree of Life | 3 | |
| Tree of Ages | 5 | |
| Ancient of Wonders | 1 | |
| Tree of Eternity | 4 | |
| Hunter's Hall | 1 | |
31 total
» build order
00:23 Altar of Elders
00:27 Moon Well
01:38 Moon Well
05:10 Moon Well
05:55 Tree of Life
06:27 Tree of Ages
06:27 Tree of Ages
06:27 Tree of Ages
08:30 Tree of Life
09:28 Ancient of Wonders
11:20 Tree of Eternity
11:20 Tree of Eternity
11:20 Tree of Eternity
11:48 Hunter's Hall
12:10 Tree of Life
13:19 Moon Well
13:21 Moon Well
21:53 Moon Well
21:54 Moon Well
21:55 Moon Well
21:57 Moon Well
21:58 Moon Well
22:04 Moon Well
22:09 Moon Well
22:09 Moon Well
22:10 Moon Well
22:11 Moon Well
22:14 Moon Well
» items
| Boots of Speed | 1 | |
| Staff of Teleportation | 1 | |
| Lesser Clarity Potion | 1 | |
| Healing Salve | 1 | |
| Orb of Venom | 1 | |
| Staff of Preservation | 1 | |
6 total
team 2 (loser)
0x00 (
orange | 123 APM | 2858 actions | 23:10)
3 Blademaster
2 Wind Walk
1 Critical Strike
2 Shadow Hunter
1 Hex
1 Healing Wave
» actions
| Assign group hotkey | 206 | |
| Basic commands | 44 | |
| Build / train | 82 | |
| ESC pressed | 4 | |
| Enter build submenu | 25 | |
| Enter hero's abilities submenu | 5 | |
| Give item / drop item | 1 | |
| Right click | 1433 | |
| Select / deselect | 354 | |
| Select group hotkey | 621 | |
| Use ability | 83 | |
2858 total
» units
| Peon | 21 | |
| Grunt | 6 | |
| Raider | 4 | |
| Kodo Beast | 2 | |
| Troll Headhunter/Berserker | 4 | |
| Blue Dragon Whelp | 1 | |
| Blue Drake | 1 | |
| Troll Batrider | 1 | |
| Shaman | 3 | |
| Spirit Walker | 1 | |
44 total
» upgrades
| Ensnare | 1 | |
| Berserker Strength | 1 | |
| War Drums Damage Increase | 1 | |
| Berserker Upgrade | 1 | |
| Envenomed Spears | 1 | |
| Reinforced Defenses | 1 | |
| Shaman Training | 2 | |
| Armor | 1 | |
| Spirit Walker Training | 1 | |
10 total
» buildings
| Altar of Storms | 1 | |
| Orc Burrow | 6 | |
| Barracks | 1 | |
| Voodoo Lounge | 1 | |
| Stronghold | 1 | |
| War Mill | 1 | |
| Fortress | 1 | |
| Beastiary | 1 | |
| Watch Tower | 9 | |
| Spirit Lodge | 1 | |
| Great Hall | 1 | |
24 total
» build order
00:06 Altar of Storms
00:20 Orc Burrow
00:37 Barracks
01:37 Orc Burrow
02:00 Voodoo Lounge
03:22 Stronghold
04:46 Orc Burrow
05:07 War Mill
06:08 Fortress
06:12 Beastiary
08:21 Orc Burrow
09:54 Watch Tower
10:43 Watch Tower
10:57 Orc Burrow
11:30 Watch Tower
12:18 Spirit Lodge
13:00 Watch Tower
13:06 Watch Tower
13:14 Watch Tower
13:27 Watch Tower
14:18 Great Hall
14:32 Orc Burrow
16:42 Watch Tower
16:42 Watch Tower
» items
| Healing Salve | 3 | |
| Scroll of Speed | 3 | |
| Lesser Clarity Potion | 2 | |
| Dust of Appearance | 1 | |
| Potion of Healing | 2 | |
| Orb of Lightning | 1 | |
| Scroll of Town Portal | 2 | |
| Tiny Great Hall | 1 | |
15 total
GrandSilver (
blue | 89 APM | 2780 actions | 31:09)
3 Death Knight
2 Death Coil
1 Unholy Aura
2 Lich
1 Frost Nova
1 Dark Ritual
» actions
| Assign group hotkey | 29 | |
| Build / train | 122 | |
| Enter build submenu | 37 | |
| Enter hero's abilities submenu | 6 | |
| Give item / drop item | 1 | |
| Remove unit from queue | 4 | |
| Right click | 927 | |
| Select / deselect | 261 | |
| Select group hotkey | 1286 | |
| Use ability | 107 | |
2780 total
» units
| Acolyte | 19 | |
| Ghoul | 6 | |
| Crypt Fiend | 6 | |
| Frost Wyrm | 11 | |
| Banshee | 4 | |
46 total
» upgrades
| Creature Attack | 2 | |
| Creature Carapace | 3 | |
| Web | 1 | |
| Freezing Breath | 1 | |
| Banshee Training | 1 | |
8 total
» buildings
| Ziggurat | 23 | |
| Crypt | 1 | |
| Graveyard | 1 | |
| Altar of Darkness | 1 | |
| Tomb of Relics | 2 | |
| Halls of the Dead | 1 | |
| Nerubian Tower | 4 | |
| Black Citadel | 2 | |
| Spirit Tower | 34 | |
| Sacrificial Pit | 1 | |
| Boneyard | 2 | |
| Temple of the Damned | 1 | |
73 total
» build order
00:10 Ziggurat
00:12 Crypt
00:40 Graveyard
01:01 Altar of Darkness
01:50 Ziggurat
02:05 Tomb of Relics
02:54 Halls of the Dead
03:27 Nerubian Tower
04:42 Ziggurat
05:19 Black Citadel
06:41 Black Citadel
06:42 Black Citadel
07:36 Ziggurat
07:55 Ziggurat
08:02 Ziggurat
08:24 Ziggurat
08:26 Ziggurat
08:47 Spirit Tower
08:54 Spirit Tower
08:54 Spirit Tower
09:17 Spirit Tower
09:22 Spirit Tower
09:26 Sacrificial Pit
09:30 Ziggurat
09:36 Ziggurat
10:14 Ziggurat
10:40 Tomb of Relics
10:46 Boneyard
11:06 Boneyard
11:15 Nerubian Tower
11:37 Temple of the Damned
16:22 Spirit Tower
16:22 Spirit Tower
16:23 Spirit Tower
16:23 Spirit Tower
16:29 Spirit Tower
16:29 Spirit Tower
16:29 Spirit Tower
16:47 Spirit Tower
16:47 Spirit Tower
16:47 Spirit Tower
20:21 Ziggurat
20:22 Ziggurat
20:23 Ziggurat
20:27 Ziggurat
20:55 Ziggurat
21:06 Ziggurat
21:14 Spirit Tower
21:14 Spirit Tower
23:06 Ziggurat
23:08 Ziggurat
23:40 Ziggurat
23:41 Nerubian Tower
23:53 Ziggurat
23:58 Ziggurat
24:07 Spirit Tower
24:08 Spirit Tower
24:23 Spirit Tower
24:23 Spirit Tower
24:44 Spirit Tower
24:44 Spirit Tower
24:49 Spirit Tower
24:52 Ziggurat
» items
| Rod of Necromancy | 1 | |
| Potion of Healing | 2 | |
| Scroll of Town Portal | 1 | |
| Potion of Lesser Invulnerability | 1 | |
5 total
L_Art_De_Rue (
purple | 87 APM | 2618 actions | 30:06)
2 Blademaster
1 Wind Walk
1 Critical Strike
2 Shadow Hunter
1 Hex
1 Healing Wave
2 Tauren Chieftain
1 Shockwave
1 Endurance Aura
» actions
| Assign group hotkey | 91 | |
| Basic commands | 193 | |
| Build / train | 89 | |
| ESC pressed | 1 | |
| Enter build submenu | 35 | |
| Enter hero's abilities submenu | 6 | |
| Right click | 701 | |
| Select / deselect | 477 | |
| Select group hotkey | 931 | |
| Use ability | 94 | |
2618 total
» units
| Peon | 9 | |
| Wind Rider | 3 | |
| Shaman | 2 | |
| Raider | 4 | |
| Demolisher | 10 | |
| Troll Batrider | 15 | |
| Troll Witch Doctor | 2 | |
| Tauren | 4 | |
49 total
» upgrades
| Shaman Training | 2 | |
| Envenomed Spears | 1 | |
| Armor | 1 | |
| Burning Oil | 1 | |
| Pillage | 1 | |
| Ensnare | 1 | |
| Melee Weapons | 1 | |
| Ranged Weapons | 1 | |
| Liquid Fire | 2 | |
| Spirit Walker Training | 1 | |
| Witch Doctor Training | 2 | |
14 total
» buildings
| Altar of Storms | 1 | |
| Orc Burrow | 7 | |
| Voodoo Lounge | 1 | |
| Stronghold | 2 | |
| Barracks | 1 | |
| War Mill | 2 | |
| Fortress | 1 | |
| Spirit Lodge | 1 | |
| Beastiary | 2 | |
| Watch Tower | 7 | |
| Tauren Totem | 2 | |
27 total
» build order
00:05 Altar of Storms
00:18 Orc Burrow
01:13 Voodoo Lounge
02:13 Stronghold
02:27 Barracks
02:57 War Mill
03:22 Orc Burrow
04:39 Fortress
04:42 Spirit Lodge
04:55 Orc Burrow
05:42 Beastiary
06:58 Beastiary
08:37 Orc Burrow
11:05 Orc Burrow
11:11 Orc Burrow
11:15 War Mill
14:15 Orc Burrow
16:33 Watch Tower
16:37 Watch Tower
16:38 Watch Tower
16:40 Watch Tower
16:42 Watch Tower
16:47 Watch Tower
16:48 Watch Tower
19:59 Tauren Totem
20:11 Tauren Totem
» items
| Healing Salve | 2 | |
| Lesser Clarity Potion | 1 | |
| Scroll of Speed | 1 | |
4 total
Chat log
(00:08 / All) GrandSilver: lol guys
(00:29 / All) GrandSilver: how long did you search to make those nicknames :p
(00:40 / All) from: 4 days
(00:44 / All) GrandSilver: omg
(04:24 / All) GrandSilver: creepjackers
(04:26 / All) GrandSilver: ok ok
(06:50 / All) GrandSilver: no passing there i guess
(06:55 / All) GrandSilver: private stuff
(07:00 / All) from: hehe
(19:06 / All) from: guys
(19:06 / All) from: stop
(19:12 / All) from: private stuff
(22:38 / All) from: bats arent magic
(23:10 / All) L_Art_De_Rue: T_T
(25:19 / All) from: sorry
(27:29 / All) GrandSilver: well now
(27:39 / All) GrandSilver: i guess its gg
(27:46 / All) GrandSilver: our brother left us
(27:50 / All) from: damn
(27:54 / All) lovetoosearch: moron**
(27:56 / All) from: youtube.com/highperch
(28:03 / All) TheEyeOfSearch: have a gud night buddie
(28:13 / All) lovetoosearch: MY FIRST WIN !!!
(28:14 / All) lovetoosearch: YAHOO
(29:20 / All) from: guys stop it
(29:25 / All) from: no entry
(29:43 / All) GrandSilver: ok
(29:46 / All) GrandSilver: gg fellas
(29:50 / All) lovetoosearch: SEEYA IDIOT!!
(29:58 / All) TheEyeOfSearch: y'all turn dead now
(30:00 / All) L_Art_De_Rue: most stupid game ever you bobs^^ gg
(30:06 / All) from: whats bobs
(30:08 / All) TheEyeOfSearch: fucking Roberts
(30:16 / All) from: mate
(30:18 / All) from: what is bobs
(30:27 / All) lovetoosearch: bobs and weave u fool!!
(30:35 / All) GrandSilver: teal because you're an asshole i will afk
(30:41 / All) from: ah you've bested us now
(30:47 / All) TheEyeOfSearch: u think this is a punishment... it is actually a blessing
(30:48 / All) from: hate it when they know that trick
(30:50 / All) TheEyeOfSearch: i bask in the glory of ur afk
(30:58 / All) GrandSilver: ok i was joking
(31:01 / All) from: haha
(31:03 / All) TheEyeOfSearch: begone foul knave from our game
(31:06 / All) GrandSilver: but seriously teal, you're an asshole.